 Dungeon Crawl Stone Soup version 0.20.1-1-g8b1a95d (webtiles) character file.

4512 dengdeng the Blocker (level 10, -2/86 HPs)
             Began as a Minotaur Fighter on Nov 14, 2017.
             Killed from afar by pstr's ghost (5 damage)
             ... with a magic dart
             ... on level 9 of the Dungeon on Nov 15, 2017.
             The game lasted 01:00:35 (8232 turns).

dengdeng the Blocker (Minotaur Fighter)             Turns: 8232, Time: 01:00:35

Health: -2/86      AC:  8    Str: 24    XL:     10   Next: 16%
Magic:  9/9        EV: 19    Int:  5    God:
Gold:   478        SH: 12    Dex: 17    Spells: 9/9 levels left

rFire    + + .     SeeInvis .   i - +2 short sword (protect)
rCold    x . .     Gourm    +   c - +0 shield
rNeg     . . .     Faith    .   r - +2 ring mail {rF+}
rPois    .         Spirit   .   (helmet restricted)
rElec    .         Reflect  .   (no cloak)
rCorr    .         Harm     .   (no gloves)
MR       +....                  (no boots)
Stlth    +++.......             H - amulet of the gourmand
Regen    0.3/turn               B - ring of fire
MPRegen  0.2/turn               (no ring)

@: agile, flying, hasted, very quick
A: retaliatory headbutt, horns 2, deterioration 1, magic resistance 1, strong 1
a: no special abilities


You were on level 9 of the Dungeon.
You were very full.

You visited 1 branch of the dungeon, and saw 9 of its levels.
You also visited: Ossuary.

You collected 478 gold pieces.

Inventory:

Hand Weapons
 b - a +2 dagger of chaos
 i - a +2 short sword of protection (weapon)
 G - a +0 falchion of slicing
 N - a +0 shortbow
 R - a +1 war axe of freezing
 T - a +1 falchion of draining
Missiles
 o - 218 stones (quivered)
 y - 25 poisoned needles
 O - 38 arrows
 P - 2 steel tomahawks
 S - 5 tomahawks of returning
Armour
 c - a +0 shield (worn)
 r - a +2 ring mail of fire resistance (worn)
Magical Staves
 a - an uncursed staff of earth {unknown}
Jewellery
 B - a ring of fire (left hand)
 F - an uncursed amulet of magic regeneration
 H - an amulet of the gourmand (around neck)
Wands
 u - a wand of random effects (28/48)
 M - a wand of iceblast (7/15)
Scrolls
 e - a scroll of enchant armour
 h - a scroll of enchant weapon {unknown}
 j - a scroll of identify
 k - 2 scrolls of magic mapping {unknown}
 l - 6 scrolls of remove curse {unknown}
 s - 3 scrolls of teleportation {unknown}
 t - a scroll of amnesia {unknown}
 v - a scroll of immolation {unknown}
 C - a scroll of noise {unknown}
 E - 2 scrolls of blinking {unknown}
Potions
 d - 4 potions of might
 g - a potion of haste
 m - 3 potions of agility
 q - a potion of mutation
 w - 3 potions of flight
 x - a potion of curing
 z - 2 potions of heal wounds {unknown}
 K - a potion of resistance
Books
 A - a book of Debilitation

   Spells                             Type                      Level
   a - Corona                         Hexes                        1
   b - Slow                           Hexes                        2
   c - Inner Flame                    Hexes/Fire                   3
   d - Portal Projectile              Hexes/Translocation          3
   e - Cause Fear                     Hexes                        4
   f - Leda's Liquefaction            Hexes/Earth                  4
 D - a book of Maledictions

   Spells                             Type                      Level
   a - Corona                         Hexes                        1
   b - Ensorcelled Hibernation        Hexes/Ice                    2
   c - Confuse                        Hexes                        3
   d - Tukima's Dance                 Hexes                        3
   e - Dazzling Spray                 Conjuration/Hexes            3
 J - a book of Maledictions

   Spells                             Type                      Level
   a - Corona                         Hexes                        1
   b - Ensorcelled Hibernation        Hexes/Ice                    2
   c - Confuse                        Hexes                        3
   d - Tukima's Dance                 Hexes                        3
   e - Dazzling Spray                 Conjuration/Hexes            3
Comestibles
 f - a bread ration
 n - 3 meat rations
 p - 2 royal jellies


   Skills:
 + Level 7.4 Fighting
 + Level 7.9(8.1) Short Blades
 + Level 2.8(6.2) Long Blades
 + Level 2.4 Axes
 + Level 0.6 Throwing
 + Level 7.8 Armour
 + Level 5.8 Dodging
 + Level 2.4 Stealth
 + Level 9.8 Shields


You had 9 spell levels left.
You didn't know any spells.

Dungeon Overview and Level Annotations

Branches:
Dungeon (9/15)             Temple (0/1) D:7
   Lair: D:8-11         Orc: D:9-12

Altars:
Elyvilon
Makhleb
Nemelex Xobeh
Okawaru
Trog
Uskayaw
Xom
The Shining One

Annotations:
D:9 pstr's ghost, journeyman KoCj


Innate Abilities, Weirdness & Mutations

You reflexively headbutt those who attack you in melee.
You have a pair of horns on your head.
Your body sometimes deteriorates upon taking damage.
You are resistant to hostile enchantments. (MR+)
Your muscles are strong. (Str +2)


Message History

You feel stronger. Pstr's ghost completely misses you.
It was a potion of haste.
You feel yourself speed up.
Pstr's ghost gestures at you while chanting.
The magic dart hits you!
* * * LOW HITPOINT WARNING * * *
As you read the scroll labeled OKUMASK VIAF, it crumbles to dust.
The scroll dissolves into smoke.
It was a scroll of fog.
You block pstr's ghost's attack. Pstr's ghost casts a spell at you.
The magic dart hits you!
Pstr's ghost gestures at you while chanting.
The magic dart hits you!
* * * LOW HITPOINT WARNING * * *
Pstr's ghost whispers, "There is no future for you."
There is an open door here.
There is an open door here.
Pstr's ghost gestures at you while chanting.
The magic dart hits you!
You die...

#.# ##§§§.... #.# ###§....
#W# ..... #.## ##### #..#
######+## ##.# ##
#.......##########W### .##
#.......'....#.......#
..###.......####@'.......#
....#.......# ###.......#
....'.......# #.......#
._..........# #.......#
....######### #########
....# .#### ##


You could see pstr's ghost.

Vanquished Creatures
  A two-headed ogre (D:8)
  The ghost of 0x5F3759DF the Thaumaturge, a novice DENe of Sif Muna (D:7)
  2 hippogriffs
  2 humans (D:7)
  A wyvern (D:8)
  A hungry ghost (D:7)
  3 orc warriors (D:8)
  An ice beast (D:7)
  2 sky beasts
  A phantom (D:8)
  2 ogres (D:8)
  2 centaurs (D:8)
  2 bullfrogs
  A gnoll sergeant (D:7)
  Blork the orc (D:4)
  A scorpion (D:8)
  2 howler monkeys (D:4)
  3 crimson imps
  A bullfrog zombie (D:5)
  5 hounds
  A bullfrog skeleton (D:5)
  3 orc priests
  2 jellies
  Ijyb (D:3)
  3 iguanas
  4 orc wizards
  6 worker ants
  A hound zombie (D:5)
  A howler monkey zombie (D:6)
  11 adders
  9 gnolls
  A river rat (D:3)
  3 shadow imps
  An ooze (D:2)
  An adder skeleton (D:8)
  A worm (D:6)
  3 dart slugs
  4 leopard geckos
  25 orcs
  6 bats
  2 giant cockroaches (D:1)
  4 goblins
  4 hobgoblins
  17 jackals
  2 kobolds
  4 quokkas
  2 ball pythons
  2 frilled lizards
  A giant cockroach zombie (D:5)
  A leopard gecko zombie (D:5)
  5 rats (D:1)
166 creatures vanquished.

Notes
Turn   | Place    | Note
-------+----------+-------------------------------------------
     0 | D:1      | dengdeng the Minotaur Fighter began the quest for the Orb.
     0 | D:1      | Reached XP level 1. HP: 19/19 MP: 0/0
   121 | D:1      | Reached skill level 4 in Shields
   159 | D:1      | Reached XP level 2. HP: 21/27 MP: 1/1
   772 | D:2      | Reached XP level 3. HP: 33/33 MP: 2/2
   844 | D:2      | Found a glowing golden altar of the Shining One.
   848 | D:2      | You fall through a shaft!
   879 | D:3      | Reached skill level 1 in Dodging
   879 | D:3      | Reached XP level 4. HP: 32/40 MP: 3/3
  1023 | D:3      | Found a burning altar of Makhleb.
  1023 | D:3      | Found a shimmering altar of Xom.
  1054 | D:3      | Reached XP level 5. HP: 45/46 MP: 4/4
  1158 | D:3      | Found a white marble altar of Elyvilon.
  1213 | D:3      | Found a glowing drain.
  1270 | D:3      | Reached skill level 1 in Short Blades
  1339 | D:3      | Reached skill level 5 in Shields
  1393 | D:3      | Reached skill level 5 in Armour
  1607 | D:3      | Noticed Ijyb
  1621 | D:3      | Killed Ijyb
  1694 | D:3      | Found a hide-covered altar of Uskayaw.
  1704 | D:3      | Noticed a dagger
  1705 | D:3      | Noticed a hand axe
  2008 | D:4      | Reached XP level 6. HP: 51/53 MP: 5/5
  2948 | D:4      | Reached skill level 1 in Stealth
  2948 | D:4      | Reached XP level 7. HP: 28/60 MP: 6/6
  3218 | D:4      | Reached skill level 6 in Shields
  3358 | D:4      | Noticed Blork the orc
  3374 | D:4      | Killed Blork the orc
  3374 | D:4      | Reached skill level 5 in Fighting
  3601 | D:5      | Entered Level 5 of the Dungeon
  3680 | D:5      | Found a white marble altar of Elyvilon.
  4259 | D:5      | Gained mutation: You are dopey. (Int -2) [mutagenic meat]
  4260 | D:5      | Gained mutation: Your magical capacity is low. (-10% MP) [mutagenic meat]
  4442 | D:5      | Found a bloodstained altar of Trog.
  5061 | D:6      | Reached XP level 8. HP: 68/68 MP: 6/6
  5103 | D:6      | Found a sand-covered staircase.
  5108 | Ossuary  | Entered an ossuary
  5567 | D:7      | Reached skill level 7 in Shields
  5607 | D:7      | Noticed 0x5F3759DF's ghost (novice DENe)
  5631 | D:7      | Killed 0x5F3759DF's ghost
  5631 | D:7      | Reached skill level 5 in Short Blades
  6057 | D:7      | Found a staircase to the Ecumenical Temple.
  6160 | D:7      | Found an iron altar of Okawaru.
  6198 | D:7      | Reached skill level 8 in Shields
  6209 | D:7      | Reached XP level 9. HP: 55/75 MP: 7/7
  7010 | D:8      | Reached skill level 5 in Dodging
  7098 | D:8      | Reached skill level 9 in Shields
  7274 | D:8      | Noticed a two-headed ogre
  7287 | D:8      | Killed a two-headed ogre
  7305 | D:8      | Reached XP level 10. HP: 51/86 MP: 8/8
  7619 | D:8      | Reached skill level 1 in Axes
  8022 | D:9      | Found a sparkling altar of Nemelex Xobeh.
  8099 | D:9      | Noticed pstr's ghost (journeyman KoCj)
  8206 | D:9      | Lost mutation: Your magical capacity is low. (-10% MP) [potion of mutation]
  8206 | D:9      | Lost mutation: You are dopey. (Int -2) [potion of mutation]
  8206 | D:9      | Gained mutation: Your body sometimes deteriorates upon taking damage. [potion of mutation]
  8206 | D:9      | Gained mutation: You are resistant to hostile enchantments. (MR+) [potion of mutation]
  8206 | D:9      | Gained mutation: Your muscles are strong. (Str +2) [potion of mutation]
  8207 | D:9      | HP: 2/86 [pstr's ghost/magic dart (11)]
  8220 | D:9      | HP: 1/86 [pstr's ghost/magic dart (3)]
  8232 | D:9      | Killed from afar by pstr's ghost

Skill      XL: |  1  2  3  4  5  6  7  8  9 10 |
---------------+-------------------------------+-----
Shields        | 4 5 6 8 9 |  9.8
Armour         | 4 5 6 7 |  7.8
Fighting       | 4 5 6 7 |  7.4
Dodging        | 1 2 3 4 5 |  5.8
Short Blades   | 2 3 4 6 7 |  7.9
Stealth        | 1 2 |  2.4
Axes           | 2 |  2.4
Long Blades    | |  2.8
Throwing       | |  0.6

Action                   |  1- 3 |  4- 6 |  7- 9 | 10-12 || total
-------------------------+-------+-------+-------+-------++-------
Melee: Long sword        |    53 |       |       |       ||    53
       Headbutt          |    20 |    27 |    86 |    17 ||   150
       Short sword       |    31 |   152 |   372 |   117 ||   672
       War axe           |       |       |       |    34 ||    34
Throw: Stone             |       |     5 |       |     2 ||     7
       Tomahawk          |       |       |       |     8 ||     8
Evoke: Wand              |       |       |       |     1 ||     1
  Use: Scroll            |     2 |     1 |     4 |     5 ||    12
       Potion            |       |       |       |     5 ||     5
  Eat: Chunk             |       |     7 |    18 |     3 ||    28
       Bread ration      |       |       |     2 |       ||     2
       Fruit             |       |       |     1 |       ||     1
       Royal jelly       |       |       |     1 |       ||     1
Armor: Scale mail        |    49 |     1 |       |       ||    50
       Ring mail         |       |    53 |   115 |    48 ||   216
Dodge: Dodged            |    31 |    58 |   159 |    26 ||   274
Block: Shield            |    46 |    78 |   211 |    61 ||   396
       Rpst.: Long sword |     7 |       |       |       ||     7
